 Dungeon Crawl Stone Soup version 0.28-a0-845-gfc338a8e3c (webtiles) character file.

Game seed: 16615265321343863128

767 bande the Shield-Bearer (level 7, -4/44 HPs)
             Began as a Gargoyle Fighter on Nov 12, 2021.
             Killed by divine providence
             ... invoked by an orc priest
              (6 damage)
             ... on level 3 of the Dungeon.
             The game lasted 00:07:05 (3349 turns).

bande the Shield-Bearer (Gargoyle Fighter)          Turns: 3349, Time: 00:07:06

Health: -4/44      AC: 14    Str: 21    XL:     7   Next: 82%
Magic:  0/7        EV:  9    Int:  8    God:
Gold:   167        SH: 14    Dex: 16    Spells: 6/6 levels left

rFire   . . .      SeeInvis .   a - +0 war axe (vorpal)
rCold   . . .      Faith    .   c - +0 buckler
rNeg    + . .      Spirit   +   b - +0 scale mail
rPois   ∞          Reflect  .   k - +2 hat
rElec   +          Harm     .   (no cloak)
rCorr   .          Rampage  .   (no gloves)
Will    .....                   (no boots)
Stlth   ..........              e - brooch of Shielding {Spirit SH+8}
HPRegen 0.14/turn               o - +6 ring of dexterity
MPRegen 0.10/turn               (no ring)

@: no status effects
A: sickness immunity, AC +4, negative energy resistance 1, electricity
resistance, torment resistance 1, petrification resistance
a: no special abilities


You were on level 3 of the Dungeon.
You visited 1 branch of the dungeon, and saw 6 of its levels.
You also visited: Sewer.

You collected 167 gold pieces.

Inventory:

Hand Weapons
 a - a +0 vorpal war axe (weapon)
 n - a +0 flail of holy wrath
Armour
 b - a +0 scale mail (worn)
 c - a +0 buckler (worn)
 k - a +2 hat (worn)
Jewellery
 e - the brooch of Shielding (around neck) {Spirit SH+8}
   (You acquired it on level 2 of the Dungeon)

   [amulet of guardian spirit]

   It causes incoming damage to be divided between your reserves of health and
   magic.
   SH:        It affects your SH (+8).
 o - a +6 ring of dexterity (left hand)
Scrolls
 d - a scroll of fear
 m - a scroll of identify
 p - a scroll of enchant weapon {unknown}
Potions
 f - a potion of brilliance
 g - 3 potions of flight
 h - a potion of curing
 i - a potion of invisibility
 j - a potion of lignification
 l - a potion of heal wounds


   Skills:
 + Level 4.8 Fighting
 + Level 5.5 Axes
 + Level 4.6 Armour
 + Level 5.6 Shields


You had 6 spell levels left.
You didn't know any spells.
Your spell library contained the following spells:

 Spells                   Type           Power      Damage    Failure   Level
 Shock                    Conj/Air       0%         1d3       75%         1
 Swiftness                Air            0%         N/A       98%         3
 Airstrike                Air            0%         N/A       100%        4


Dungeon Overview and Level Annotations

Branches:
Dungeon (6/15)              Sewer (visited)
 Temple: D:4-7

Altars:


Innate Abilities, Weirdness & Mutations

You are immune to sickness and miasma.
Your stone body is resilient. (AC +4)
You are immune to poison.
You resist negative energy. (rN+)
You are resistant to electric shocks. (rElec)
You are resistant to unholy torment.
You are immune to petrification.


Message History

The orc priest invokes the aid of Beogh against you.
Beogh smites you! The orc hits you but does no damage.
You are too injured to fight recklessly!
You are too injured to fight recklessly!
You are too injured to fight recklessly!
You are too injured to fight recklessly!
You are too injured to fight recklessly!
You are too injured to fight recklessly!
You are too injured to fight recklessly!
You are too injured to fight recklessly!
Unknown command.
You slash the orc!
You kill the orc!
You hit the endoplasm.
The endoplasm is severely wounded.
The endoplasm freezes you.
You are frozen.
Unknown command.
You slash the endoplasm!
You kill the endoplasm!
The orc priest invokes the aid of Beogh against you.
Beogh smites you!
* * * LOW HITPOINT WARNING * * *
Unknown command.
You hit the orc priest but do no damage.
The orc priest invokes the aid of Beogh against you.
Beogh smites you!
* * * LOW HITPOINT WARNING * * *
You slash the orc priest!
The orc priest is severely wounded.
The orc priest barely misses you.
You closely miss the orc priest.
The orc priest is severely wounded.
The orc priest hits you but does no damage.
You barely miss the orc priest.
The orc priest is severely wounded.
The orc priest hits you but does no damage.
The orc priest invokes the aid of Beogh against you.
Beogh smites you!
You die...

#.# ##.########
#.......... #..########
#..# #####..#
#...#..#######
#.#..........#######.#
###...##.####...@o.....#
..(#.###.# ##.######..#
##.#.....# #.# #<#.÷####
#.# #.#..# #.# #.#..#
#.# #.#..########.#
#.#...†>......#
#.#..##########


You could see an orc priest.

Vanquished Creatures
  Sigmund (D:2)
  A centaur (D:6)
  A phantom (D:5)
  A kobold brigand (Sewer)
  Blork the orc (D:6)
  2 water moccasin skeletons (D:5)
  A gnoll shaman (D:5)
  A hound (D:4)
  4 adders
  5 gnolls
  A river rat (Sewer)
  A worm (D:3)
  2 dart slugs
  3 orcs (D:3)
  7 ball pythons
  4 endoplasms
  4 giant cockroaches
  5 goblins
  10 hobgoblins
  A jackal (Sewer)
  7 kobolds
  A quokka (D:1)
  6 bats
  6 frilled lizards
  6 rats
82 creatures vanquished.

Vanquished Creatures (others)
  A fungus (D:1)
  4 toadstools (D:1)
5 creatures vanquished.

Grand Total: 87 creatures vanquished

Notes
Turn   | Place    | Note
-------+----------+-------------------------------------------
     0 | D:1      | bande the Gargoyle Fighter began the quest for the Orb.
     0 | D:1      | Reached XP level 1. HP: 14/14 MP: 1/1
   358 | D:1      | Reached XP level 2. HP: 13/19 MP: 2/2
   512 | D:1      | Found a faded altar of an unknown god.
  1154 | D:1      | Reached XP level 3. HP: 24/24 MP: 3/3
  1365 | D:2      | Noticed Sigmund
  1380 | D:2      | Killed Sigmund
  1381 | D:2      | Reached XP level 4. HP: 27/29 MP: 4/4
  1381 | D:2      | Reached XP level 5. HP: 30/33 MP: 5/5
  1604 | D:2      | Identified a scroll of acquirement
  1604 | D:2      | Acquired the brooch of Shielding {Spirit SH+8}
  1604 | D:2      | Found the brooch of Shielding {Spirit SH+8}
  1990 | D:3      | Found a glowing drain.
  2006 | Sewer    | Entered a sewer
  2012 | Sewer    | Reached XP level 6. HP: 39/39 MP: 6/6
  2110 | Sewer    | Found a white marble altar of Elyvilon.
  2524 | D:3      | You fall into a shaft and drop 3 floors!
  2541 | D:5      | Entered Level 5 of the Dungeon
  2561 | D:5      | Noticed Blork the orc
  2620 | D:6      | Reached skill level 5 in Shields
  2620 | D:6      | Reached XP level 7. HP: 30/44 MP: 4/7
  2828 | D:6      | Killed Blork the orc
  2829 | D:6      | Reached skill level 5 in Axes
  3346 | D:3      | HP: 1/44 [orc priest/divine providence (9)]
  3349 | D:3      | Killed from afar by an orc priest

Illustrated notes

Levels and vault maps discovered:
D:1:      dpeg_arrival_round_c, layout_basic,
          hellmonk_ecumenical_altar_heavens_door, minmay_gold_behind_fungi,
          minmay_misc_feat_more_columns
D:2:      layout_rooms, uniq_sigmund
D:3:      kennysheep_goblin_castle, layout_loops_ring,
          mainiacjoe_overflow_alcove_4, cheibrodos_sewer_entry_sluice,
          roderic_roman_lattice, wander_ebering_terrifying_dragon_lair
D:4:      lemuel_castle_with_subvaults [lemuel_castle_interior_carwin_3],
          layout_loops_ring, mainiacjoe_overflow_surrounded_room, uniq_pikel,
          uniq_grinder
D:5:      layout_rooms, minmay_temple_entry_statues, uniq_blork_the_orc,
          uniq_crazy_yiuf_cottage, uniq_eustachio, uniq_menkaure
D:6:      gammafunk_steamed_eel, layout_basic,
          worldfamousw_hep_ancestral_shrine, ashenzari_conservatory_becter,
          fiery_altar_vehumet

Skill      XL: |  1  2  3  4  5  6  7 |
---------------+----------------------+-----
Axes           | 2 3 4 5 |  5.5
Fighting       | 4 |  4.8
Shields        | 4 5 |  5.6
Armour         | 4 |  4.6

Action                   |  1- 3 |  4- 6 |  7- 9 || total
-------------------------+-------+-------+-------++-------
Melee: War axe           |    76 |   129 |    72 ||   277
  Use: Potion            |     1 |       |       ||     1
       Scroll            |       |    10 |       ||    10
Armor: Scale mail        |    59 |    57 |    30 ||   146
Dodge: Dodged            |    38 |    46 |    18 ||   102
Block: Buckler           |    28 |   103 |    45 ||   176

Table legend: (Time is in decaauts)
 A = Elapsed time spent in this place.
 B = Non-inter-level travel time spent in this place.
 C = Inter-level travel time spent in this place.
 D = Time resting spent in this place.
 E = Time spent auto-exploring this place.
 F = Levels seen in this place.
 G = Mean time per level.
                   A        B        C        D        E       F      G
               +--------+--------+--------+--------+--------+-----+--------+
         Total |   3467 |   3374 |     93 |    765 |   1803 |   7 |  495.3 |
       Dungeon |   3283 |   3190 |     93 |    765 |   1684 |   6 |  547.2 |
         Sewer |    183 |    183 |      0 |      0 |    119 |   1 |  183.0 |
               +--------+--------+--------+--------+--------+-----+--------+

Top non-repeatable levels by time:
     D:1: 1395 daAuts
     D:2: 620 daAuts
     D:3: 515 daAuts
     D:6: 510 daAuts
   Sewer: 183 daAuts
     D:4: 121 daAuts
     D:5: 120 daAuts
